 Dungeon Crawl Stone Soup version 0.22-a0-283-g1871b15 (webtiles) character file.

82 nikopol the Firebug (level 4, -1/24 HPs)
             Began as a Deep Elf Fire Elementalist on Mar 18, 2018.
             Killed by divine providence
             ... invoked by an orc priest
              (14 damage)
             ... on level 3 of the Dungeon.
             The game lasted 00:03:09 (1793 turns).

nikopol the Firebug (Deep Elf Fire Elementalist)    Turns: 1793, Time: 00:03:10

Health: -1/24      AC:  2    Str:  5    XL:     4   Next: 21%
Magic:  8/12       EV: 13    Int: 21    God:
Gold:   117        SH:  0    Dex: 15    Spells: 10/11 levels left

rFire    x . .     SeeInvis .   i - -3 dagger (curse)
rCold    + . .     Gourm    .   (no shield)
rNeg     . . .     Faith    .   a - +0 robe
rPois    .         Spirit   .   (no helmet)
rElec    .         Reflect  .   (no cloak)
rCorr    .         Harm     .   (no gloves)
MR       .....                  (no boots)
Stlth    ++........             (no amulet)
HPRegen  0.08/turn              m - ring of ice
MPRegen  0.13/turn              (no ring)

@: no status effects
A: no striking features
a: no special abilities


You were on level 3 of the Dungeon.
You were not hungry.

You visited 1 branch of the dungeon, and saw 3 of its levels.

You collected 117 gold pieces.

Inventory:

Hand Weapons
 i - a cursed -3 dagger (weapon)
Armour
 a - a +0 robe (worn)
Jewellery
 m - a ring of ice (left hand)
Wands
 k - a wand of acid (10)
Scrolls
 d - 5 scrolls of identify {unknown}
 e - 2 scrolls of immolation {unknown}
 f - 3 scrolls of amnesia {unknown}
 g - 2 scrolls of random uselessness {unknown}
 l - a scroll of magic mapping {unknown}
Potions
 b - 2 potions of degeneration {unknown}
 h - a potion of ambrosia {unknown}
 j - a potion of heal wounds {unknown}
Comestibles
 c - 8 rations


   Skills:
 + Level 3.0 Dodging
 + Level 2.5 Stealth
 + Level 4.0 Spellcasting
 + Level 1.7 Conjurations
 + Level 4.5 Fire Magic


You had 10 spell levels left.
You knew the following spells:

 Your Spells              Type           Power        Failure   Level  Hunger
a - Flame Tongue          Conj/Fire      ###..        3%          1    None


Dungeon Overview and Level Annotations

Branches:
Dungeon (3/15)

Altars:
Kikubaaqudgha
Qazlal
Wu Jian
Xom


Message History

The flame tongue misses the orc priest.
The flame tongue hits the orc.
The orc is moderately wounded.
Casting: Flame Tongue (safe; 4% risk of failure)
Confirm with . or Enter, or press ? or * to list all spells.
Aiming: Flame Tongue (safe; 4% risk of failure)
Press: ? - help, Shift-Dir - straight line, f/p - orc priest
Aim: an orc priest, wielding a morningstar and wearing a leather armour (severely wounded)
The flame tongue hits the orc priest.
You kill the orc priest!
Your Dodging skill increases to level 3!
Your Spellcasting skill increases to level 4!
You have reached level 4!
You feel clever.
The orc priest mumbles some strange prayers to Beogh against you.
Beogh smites you!
Ouch! That really hurt!
The orc priest invokes the aid of Beogh against you.
Beogh smites you!
Ouch! That really hurt!
You die...

###.†...# ........#
#..[..# #.......##
#.###.# ...#o...
###.###.# .......
........# #.###.....#
##......###.....#o#.#
##..##......# #...#.#
#....#..###.#####o#.#
.....#....#...>.@...#
#...........#####.###
#....<....### #.#
#.###..†### #.# .
#...#########'###
#...............#
###............##
#............#
#............#


You could see an orc priest and 2 orcs.

Vanquished Creatures
  An orc priest (D:3)
  2 adders (D:2)
  A worm (D:2)
  3 leopard geckos
  2 orcs
  2 hobgoblins
  2 kobolds
  2 ball pythons
  3 bats
  A frilled lizard (D:1)
  4 goblins (D:2)
  8 rats
31 creatures vanquished.

Notes
Turn   | Place    | Note
-------+----------+-------------------------------------------
     0 | D:1      | nikopol the Deep Elf Fire Elementalist began the quest for the Orb.
     0 | D:1      | Reached XP level 1. HP: 10/10 MP: 6/6
   677 | D:1      | Found a white marble altar of Elyvilon.
   679 | D:1      | Found a shattered altar of Ashenzari.
   679 | D:1      | Found a deep blue altar of Sif Muna.
   681 | D:1      | Found a deep blue altar of Sif Muna.
   681 | D:1      | Found a blossoming altar of Fedhas.
   681 | D:1      | Found a shimmering altar of Xom.
   802 | D:2      | Reached XP level 2. HP: 15/15 MP: 4/8
  1064 | D:2      | Reached XP level 3. HP: 14/19 MP: 1/10
  1665 | D:2      | Found an ancient bone altar of Kikubaaqudgha.
  1671 | D:2      | Found a stormy altar of Qazlal.
  1674 | D:2      | Found an ornate altar of the Wu Jian Council.
  1791 | D:3      | Reached XP level 4. HP: 24/24 MP: 8/12
  1793 | D:3      | Killed from afar by an orc priest

Vault maps used:
D:1:      saegor_arrival_simple_a, minmay_misc_feat_cross,
          kennysheep_nondescript, doesnt_xom_only_xom
D:2:      grunt_temple_overflow_diamond, first_ration, palyth_stone_intersect
D:3:      uniq_sigmund

Skill      XL: |  1  2  3 |
---------------+----------+-----
Fire Magic     | 4 |  4.5
Dodging        | 3 |  3.0
Spellcasting   | 4 |  4.0
Stealth        | |  2.5
Conjurations   | |  1.7

Action                   |  1- 3 |  4- 6 || total
-------------------------+-------+-------++-------
Melee: Dagger            |     6 |       ||     6
 Cast: Flame Tongue      |    49 |     1 ||    50
  Eat: Chunk             |     2 |       ||     2
Armor: Robe              |     3 |       ||     3
Dodge: Dodged            |    16 |       ||    16

Table legend:
 A = Spawn XP
 B = Non-spawn XP
 C = Spawn XP percentage of total XP
 D = Spawn monster count
 E = Non-spawn monster count
 F = Spawn count percentage of total count
 G = Total turns spent on level
                    A         B        C        D         E        F      G
               +---------+---------+-------+---------+---------+-------+---------
         Total |       0 |     118 |   0.0 |       0 |      31 |   0.0 |  1793
               +---------+---------+-------+---------+---------+-------+---------
           D:1 |       0 |      10 |   0.0 |       0 |       6 |   0.0 |   799
           D:2 |       0 |      60 |   0.0 |       0 |      20 |   0.0 |   909
           D:3 |       0 |      48 |   0.0 |       0 |       5 |   0.0 |    85
               +---------+---------+-------+---------+---------+-------+---------
